 Dungeon Crawl Stone Soup version 0.28-a0-823-gb444dcf96d (webtiles) character file.

Game seed: 502356060998002717

2126 horus123 the Covert (level 9, -4/76 HPs)
             Began as a Naga Enchanter on Nov 10, 2021.
             Was an Initiate of Dithmenos.
             Killed from afar by Maggie (28 damage)
             ... with a bolt of fire
             ... on level 6 of the Dungeon.
             The game lasted 00:19:43 (8068 turns).

horus123 the Covert (Naga Enchanter)                Turns: 8068, Time: 00:19:43

Health: -4/76      AC:  8    Str: 11    XL:     9   Next: 29%
Magic:  10/16      EV: 10    Int: 17    God:    Dithmenos [......]
Gold:   369        SH:  0    Dex: 13    Spells: 5/18 levels left

rFire   . . .      SeeInvis +   n - +3 dagger (freeze)
rCold   . . .      Faith    .   (no shield)
rNeg    . . .      Spirit   .   b - +0 robe
rPois   +          Reflect  .   o - +0 helmet
rElec   .          Harm     .   (no cloak)
rCorr   .          Rampage  .   c - +2 pair of gloves
Will    .....                   (no barding)
Stlth   +++++.....              (no amulet)
HPRegen 0.22/turn               (no ring)
MPRegen 0.15/turn               (no ring)

@: weak-willed, mesmerised, very slow
A: AC +3, large, see invisible, deformed body, poison resistance, slowness 2,
spit poison 1, naga tail 1
a: Spit Poison, Renounce Religion


You were on level 6 of the Dungeon.
You worshipped Dithmenos.
Dithmenos was noncommittal.
You visited 2 branches of the dungeon, and saw 7 of its levels.

You collected 369 gold pieces.

Inventory:

Hand Weapons
 a - a +1 dagger
 n - a +3 dagger of freezing (weapon)
 s - a +0 rapier of venom
 v - a +1 rapier of draining
Armour
 b - a +0 robe (worn)
 c - a +2 pair of gloves (worn)
 o - a +0 helmet (worn)
Jewellery
 d - an amulet of guardian spirit
Wands
 e - a wand of iceblast (9)
 p - a wand of acid (8)
 r - a wand of mindburst (13)
Scrolls
 f - 2 scrolls of magic mapping
 i - 2 scrolls of teleportation
 j - a scroll of amnesia
 k - 2 scrolls of fog
 u - a scroll of identify
Potions
 g - 2 potions of lignification
 l - a potion of degeneration
 m - 2 potions of attraction
 q - a potion of flight {unknown}


   Skills:
 - Level 3.2 Fighting
 - Level 5.0 Short Blades
 - Level 1.6 Dodging
 - Level 12.7 Stealth
 - Level 5.0 Spellcasting
 - Level 5.3 Conjurations
 - Level 6.4 Hexes
 + Level 4.8 Ice Magic


You had 5 spell levels left.
You knew the following spells:

 Your Spells              Type           Power      Damage    Failure   Level
a - Ensorcelled Hibernat  Hex/Ice        46%        N/A       2%          2
b - Tukima's Dance        Hex            26%        N/A       3%          3
c - Freeze                Ice            80%        1d9       1%          1
d - Frozen Ramparts       Ice            40%        1d6       6%          3
e - Hailstorm             Conj/Ice       21%        3d6       17%         4

Your spell library contained the following spells:

 Spells                   Type           Power      Damage    Failure   Level
 Slow                     Hex            100%       N/A       1%          1
 Confusing Touch          Hex            26%        N/A       3%          3
 Dazzling Flash           Conj/Hex       48%        N/A       3%          3
 Corpse Rot               Necr/Air       8%         N/A       22%         2
 Yara's Violent Unravell  Hex/Tmut       7%         3d5       71%         5
 Dispel Undead            Necr           4%         3d7       80%         4
 Death Channel            Necr           2%         N/A       100%        6


Dungeon Overview and Level Annotations

Branches:
Dungeon (6/15)             Temple (1/1) D:4

Altars:
Ashenzari
Cheibriados
Dithmenos
Gozag
Hepliaklqana
Kikubaaqudgha
Okawaru
Ru
Sif Muna
Trog
Uskayaw
Vehumet
Wu Jian
Xom
Zin
The Shining One

Shops:
D:1 (:((:

Annotations:
D:6 Maggie


Innate Abilities, Weirdness & Mutations

Your serpentine skin is tough. (AC +3)
You have supernaturally acute eyesight. (SInv)
Armour fits poorly on your strangely shaped body.
Your system is resistant to poisons. (rPois)
You cover ground very slowly.
You can spit poison.
You have a snake-like lower body.


Message History

Aim: Maggie, wielding a +1 vorpal broad axe and wearing +0 swamp dragon scales (mesmerising, weak-willed, chance to affect: 64%)
The +1 vorpal broad axe dances into the air!
Maggie hits you.
You hit Maggie but do no damage. You hit Maggie but do no damage.
Maggie hits you.
You hit Maggie. You freeze Maggie.
Maggie is lightly wounded.
Your surroundings seem slightly different.
Maggie casts a spell at you. The bolt of fire hits you!!
* * * LOW HITPOINT WARNING * * *
Your +1 vorpal broad axe hits Maggie!
You feel better.
Maggie gestures wildly while chanting.
Maggie draws you further into her thrall.
Your +1 vorpal broad axe hits Maggie!
Maggie casts a spell.
Maggie draws you further into her thrall.
Casting: Tukima's Dance (dangerous; 3% risk of failure)
Confirm with . or Enter, or press ? or * to list all spells.
Okay, then.
Casting: Tukima's Dance (dangerous; 3% risk of failure)
Confirm with . or Enter, or press ? or * to list all spells.
Casting: Hailstorm (dangerous; 17% risk of failure)
Press: ? - help, Dir - look around, f - activate Really hailstorm near your +1 vorpal broad axe?
A cannonade of hail descends around you!
The hail pelts Maggie!
Maggie is heavily wounded.
The hail pelts your +1 vorpal broad axe!
Your +1 vorpal broad axe partially resists.
Your +1 vorpal broad axe is almost destroyed.
You hit Maggie but do no damage.
Maggie is heavily wounded.
Maggie closely misses you.
You hit Maggie. You freeze Maggie.
Maggie is heavily wounded.
Maggie casts a spell at you. The bolt of fire hits you!!
You die...

#####.## #### ###..##..#
. ......##.## .#
..........## #.#
........#..# ######..#
...........#####......#
........##..#.........##
........###.#..........##
........# #.....@.......#
.......## ##....@........
....)..# ##..>..(........
.......###...............
#########.......[........
#..............$..
#..##..?........... .##
#...[..........
###..........


You could see Maggie (mesmerising, weak-willed) and a +1 vorpal broad axe.

Vanquished Creatures
  Pikel (D:4)
  Duvessa (D:6)
  A black bear (D:5)
  A necrophage (D:4)
  An ogre (D:5)
  A centaur (D:6)
  2 lemures (D:4)
  4 kobold brigands (D:4)
  A scorpion (D:6)
  Dowan (D:6)
  3 wights (D:4)
  A howler monkey (D:5)
  4 hounds (D:5)
  A centaur skeleton (D:4)
  An orc priest (D:4)
  Jessica (D:2)
  2 iguanas
  11 gnolls
  6 adders
  A white imp (D:5)
  2 ufetubi
  A worm (D:3)
  2 dart slugs
  6 orcs
  2 bats
  A bat zombie (D:4)
  2 endoplasms
  3 giant cockroaches
  3 goblins
  7 hobgoblins
  4 jackals
  2 quokkas
  7 ball pythons
  4 frilled lizards
  31 kobolds
  4 rats
  2 rat zombies (D:4)
128 creatures vanquished.

Vanquished Creatures (collateral kills)
  A kobold brigand (D:4)
  A gnoll (D:4)
  A kobold (D:4)
3 creatures vanquished.

Vanquished Creatures (others)
  4 dancing weapons (D:4)
  A fungus (D:1)
  4 plants (D:1)
  4 toadstools (D:6)
13 creatures vanquished.

Grand Total: 144 creatures vanquished

Notes
Turn   | Place    | Note
-------+----------+-------------------------------------------
     0 | D:1      | horus123 the Naga Enchanter began the quest for the Orb.
     0 | D:1      | Reached XP level 1. HP: 15/15 MP: 3/3
   514 | D:1      | Reached XP level 2. HP: 22/22 MP: 5/5
   527 | D:1      | Learned a level 2 spell: Ensorcelled Hibernation
   631 | D:1      | Found Madimn's Weapon Boutique.
   714 | D:1      | Found Aptewog's Antique Weapon Shoppe.
   763 | D:1      | Found Fitel's Book Emporium.
   789 | D:1      | Found Vonukati's Weapon Emporium.
   888 | D:1      | Found Tuefutekk's Book Boutique.
   961 | D:1      | Reached skill level 5 in Stealth
  1242 | D:2      | Noticed Jessica
  1252 | D:2      | Killed Jessica
  1253 | D:2      | Reached skill level 6 in Stealth
  1253 | D:2      | Reached XP level 3. HP: 28/28 MP: 6/6
  1698 | D:2      | Reached XP level 4. HP: 30/36 MP: 7/7
  2604 | D:3      | Learned a level 3 spell: Tukima's Dance
  2639 | D:3      | Learned a level 1 spell: Freeze
  3055 | D:3      | Reached skill level 1 in Fighting
  3259 | D:3      | Reached skill level 5 in Short Blades
  3259 | D:3      | Reached skill level 10 in Stealth
  3259 | D:3      | Reached skill level 5 in Spellcasting
  3259 | D:3      | Reached XP level 5. HP: 44/44 MP: 7/12
  3402 | D:3      | Learned a level 3 spell: Frozen Ramparts
  3407 | D:3      | Learned a level 4 spell: Hailstorm
  3448 | D:4      | Reached XP level 6. HP: 52/52 MP: 13/13
  3455 | D:4      | Noticed a necrophage
  3459 | D:4      | Killed a necrophage
  3488 | D:4      | Reached XP level 7. HP: 62/62 MP: 14/14
  3505 | D:4      | Found a radiant altar of Vehumet.
  3960 | D:4      | Noticed Pikel
  3983 | D:4      | Found an opulent altar of Gozag.
  4235 | D:4      | Reached skill level 1 in Conjurations
  4314 | D:4      | Killed Pikel
  4315 | D:4      | Reached XP level 8. HP: 42/69 MP: 15/15
  4904 | D:4      | Reached skill level 5 in Conjurations
  5486 | D:4      | Reached skill level 11 in Stealth
  5671 | D:4      | Found a staircase to the Ecumenical Temple.
  5779 | D:4      | Found an ancient bone altar of Kikubaaqudgha.
  5869 | Temple   | Entered the Ecumenical Temple
  5898 | Temple   | Became a worshipper of Dithmenos the Shadowed
  6159 | D:5      | Entered Level 5 of the Dungeon
  6731 | D:5      | Reached XP level 9. HP: 76/76 MP: 16/16
  6988 | D:5      | Reached skill level 12 in Stealth
  7252 | D:5      | Found an iron altar of Okawaru.
  7581 | D:6      | Noticed Duvessa
  7584 | D:6      | Noticed Dowan
  7602 | D:6      | Killed Dowan
  7602 | D:6      | Killed Duvessa
  8048 | D:6      | Noticed Maggie
  8068 | D:6      | Killed from afar by Maggie

Illustrated notes

Levels and vault maps discovered:
D:1:      lemuel_arrival_muddy, layout_basic, serial_shops, shop, shop,
          shop_statue, nicolae_shop_stone, shop
D:2:      layout_basic, cheibrodos_gnoll_hut, uniq_jessica
D:3:      layout_loops_cross
D:4:      minmay_goblin_kobold_castle, layout_cave_pools,
          lemuel_zombie_altar_kikubaaqudgha,
          mainiacjoe_overflow_concentric_impassable,
          mainiacjoe_overflow_boulevard, minmay_temple_entry_mini_moons,
          uniq_pikel
D:5:      layout_cave_pods, okawaru_altar_gauntlet_db, serial_glass,
          glass_columns_b, glass_columns_c
D:6:      layout_cave_pods, minmay_gold_behind_fungi, uniq_maggie, uniq_duvessa
Temple:   eino_temple_lava

Skill      XL: |  1  2  3  4  5  6  7  8  9 |
---------------+----------------------------+-----
Stealth        | 6 10 11 12 | 12.7
Fighting       | 1 2 3 |  3.2
Short Blades   | 5 |  5.0
Spellcasting   | 5 |  5.0
Hexes          | 6 |  6.4
Ice Magic      | 4 |  4.8
Conjurations   | 4 5 |  5.3
Dodging        | |  1.6

Action                   |  1- 3 |  4- 6 |  7- 9 || total
-------------------------+-------+-------+-------++-------
Melee: Dagger            |    52 |    41 |   355 ||   448
 Cast: Frozen Ramparts   |       |       |    10 ||    10
       Tukima's Dance    |       |       |     7 ||     7
       Freeze            |       |       |     5 ||     5
       Hailstorm         |       |       |     1 ||     1
 Abil: Spit Poison       |    16 |     6 |    13 ||    35
  Use: Scroll            |     5 |     8 |     7 ||    20
       Potion            |       |     2 |     5 ||     7
 Stab: Sleeping          |     6 |     8 |     9 ||    23
       Invisible         |       |     1 |       ||     1
Armor: Robe              |     9 |    10 |   115 ||   134
       Skin              |       |       |    37 ||    37
Dodge: Dodged            |    29 |    11 |   166 ||   206

Table legend: (Time is in decaauts)
 A = Elapsed time spent in this place.
 B = Non-inter-level travel time spent in this place.
 C = Inter-level travel time spent in this place.
 D = Time resting spent in this place.
 E = Time spent auto-exploring this place.
 F = Levels seen in this place.
 G = Mean time per level.
                   A        B        C        D        E       F      G
               +--------+--------+--------+--------+--------+-----+--------+
         Total |   9577 |   9275 |    302 |   2271 |   5430 |   7 | 1368.1 |
       Dungeon |   9524 |   9235 |    289 |   2271 |   5416 |   6 | 1587.3 |
        Temple |     53 |     41 |     12 |      0 |     14 |   1 |   53.0 |
               +--------+--------+--------+--------+--------+-----+--------+

Top non-repeatable levels by time:
     D:4: 2847 daAuts
     D:2: 1710 daAuts
     D:5: 1549 daAuts
     D:1: 1488 daAuts
     D:3: 1210 daAuts
     D:6: 718 daAuts
  Temple: 53 daAuts
